 Dungeon Crawl Stone Soup version 0.25-a0-36-g303dd5b1f4 (webtiles) character file.

Game seed: 4100231296392622172, levelgen mode: deterministic

735 Fingolfin the Soothsayer (level 7, -8/59 HPs)
             Began as a Minotaur Monk on Oct 21, 2019.
             Was a Priest of Nemelex Xobeh.
             Mangled by an ogre
             ... wielding a +0 giant spiked club
              (28 damage)
             ... on level 5 of the Dungeon.
             The game lasted 00:08:09 (2751 turns).

Fingolfin the Soothsayer (Minotaur Monk)            Turns: 2751, Time: 00:08:10

Health: -8/59      AC: 10    Str: 18    XL:     7   Next: 45%
Magic:  11/11      EV: 11    Int:  7    God:    Nemelex Xobeh [***...]
Gold:   210        SH:  0    Dex: 12    Spells: 6/6 levels left

rFire    . . .     SeeInvis .   w - +0 broad axe
rCold    . . .     Gourm    .   (no shield)
rNeg     . . .     Faith    +   u - +1 scale mail {MR+}
rPois    .         Spirit   .   (helmet restricted)
rElec    .         Reflect  .   v - scarf {repulsion}
rCorr    .         Harm     .   g - +2 pair of gloves
MR       +....                  (no boots)
Stlth    ..........             B - amulet of faith
HPRegen  0.19/turn              (no ring)
MPRegen  0.12/turn              (no ring)

@: repel missiles
A: retaliatory headbutt, horns 2
a: Draw Escape, Draw Destruction, Draw Summoning, Triple Draw, Renounce Religion


You were on level 5 of the Dungeon.
You worshipped Nemelex Xobeh.
Nemelex Xobeh was most pleased with you.
You were not hungry.

You visited 1 branch of the dungeon, and saw 5 of its levels.

You collected 210 gold pieces.

Inventory:

Hand Weapons
 w - a +0 broad axe (weapon)
Missiles
 c - 46 poisoned darts (quivered)
 f - 140 stones
 h - 31 bolts
 j - 39 arrows
 n - 42 sling bullets
Armour
 g - a +2 pair of gloves (worn)
 u - a +1 scale mail of magic resistance (worn)
 v - a scarf of repulsion (worn)
Jewellery
 B - an amulet of faith (around neck)
Scrolls
 a - a scroll of teleportation {unknown}
 e - a scroll of identify
 i - 3 scrolls of amnesia {unknown}
 k - a scroll of fog {unknown}
 m - a scroll of immolation {unknown}
 o - 2 scrolls of enchant armour {unknown}
 p - 2 scrolls of magic mapping {unknown}
 q - 3 scrolls of remove curse
 x - a scroll of fear {unknown}
 y - a scroll of enchant weapon {unknown}
Potions
 b - a potion of flight
 l - a potion of degeneration {unknown}
 r - a potion of agility {unknown}
 s - 2 potions of lignification
 t - 2 potions of invisibility
 z - a potion of cancellation
Comestibles
 d - 14 rations
 A - a chunk of flesh


   Skills:
 + Level 4.1 Fighting
 - Level 6.3 Axes
 - Level 3.2 Dodging
 - Level 1.5 Stealth
 - Level 6.7 Invocations


You had 6 spell levels left.
You didn't know any spells.
Your spell library was empty.

Dungeon Overview and Level Annotations

Branches:
Dungeon (5/15)
 Temple: D:4-7

Altars:
Elyvilon
Nemelex Xobeh
Okawaru
Trog
Vehumet


Innate Abilities, Weirdness & Mutations

You reflexively headbutt those who attack you in melee.
You have a pair of horns on your head.


Message History

The ogre hits you with a +0 giant spiked club!
The orc priest hits you with a +0 flail.
The orc wizard hits you but does no damage.
You slash the ogre! You headbutt the ogre!
The ogre is almost dead.
You hit the orc priest.
Your scale mail prevents you from hitting the orc wizard.
The orc priest hits you but does no damage.
The ogre hits you with a +0 giant spiked club.
The orc wizard hits you but does no damage.
You draw a card...
You have drawn the Tomb.
Walls emerge from the floor!
The orc priest hits you with a +0 flail.
The ogre hits you with a +0 giant spiked club.
The orc wizard hits you but does no damage.
You draw a card...
You have drawn Velocity.
The orc wizard seems to slow down.
The orc priest calls upon Beogh to heal the orc wizard.
The orc wizard is healed somewhat.
The ogre hits you with a +0 giant spiked club!!
You die...
Your body glows slightly and disappears.

### ##.......# ..####
#......... .....##
#.......$. ......#####
##........# ......##..#
##.........#
..........###..........#
......#.....#...ooo.....
...............#@#
....##..#.....##O#
..................#
....#####.#####...#
....# #+# #..... ....#
#..... #...# #......
....## #.##...# #....#


You could see an ogre, an orc priest, an orc wizard and an orc.

Vanquished Creatures
  Sigmund (D:3)
  An orc warrior (D:3)
  A centaur (D:5)
  An ogre (D:4)
  2 hounds (D:4)
  An iguana (D:4)
  4 worker ants
  Robin (D:3)
  2 adders
  2 oozes (D:3)
  3 worms
  2 dart slugs
  11 orcs
  2 giant cockroaches
  15 goblins
  10 hobgoblins
  A quokka (D:2)
  3 ball pythons
  8 bats
  2 frilled lizards
  5 kobolds
  A quokka zombie (D:3)
  14 rats
93 creatures vanquished.

Notes
Turn   | Place    | Note
-------+----------+-------------------------------------------
     0 | D:1      | Fingolfin the Minotaur Monk began the quest for the Orb.
     0 | D:1      | Reached XP level 1. HP: 19/19 MP: 0/0
   205 | D:1      | Reached XP level 2. HP: 26/26 MP: 1/1
   843 | D:2      | Reached skill level 5 in Axes
   887 | D:2      | Found a sparkling altar of Nemelex Xobeh.
   893 | D:2      | Became a worshipper of Nemelex Xobeh the Trickster
   893 | D:2      | Received a gift from Nemelex Xobeh
   893 | D:2      | Reached * piety under Nemelex Xobeh
   893 | D:2      | Reached ** piety under Nemelex Xobeh
   913 | D:2      | Reached XP level 3. HP: 27/31 MP: 2/2
   994 | D:2      | Found a white marble altar of Elyvilon.
  1137 | D:2      | Found a radiant altar of Vehumet.
  1242 | D:3      | Noticed Robin
  1250 | D:3      | Reached skill level 1 in Invocations
  1275 | D:3      | Killed Robin
  1275 | D:3      | Reached XP level 4. HP: 29/39 MP: 2/4
  1472 | D:3      | Noticed an orc warrior
  1475 | D:3      | Killed an orc warrior
  1475 | D:3      | Reached XP level 5. HP: 45/45 MP: 4/6
  1589 | D:3      | Found an iron altar of Okawaru.
  1618 | D:3      | Noticed a moth of wrath
  1621 | D:3      | Found a bloodstained altar of Trog.
  1788 | D:3      | Noticed Sigmund
  1800 | D:3      | Killed Sigmund
  1800 | D:3      | Reached XP level 6. HP: 42/51 MP: 6/8
  1951 | D:4      | Received a gift from Nemelex Xobeh
  1952 | D:4      | Reached skill level 5 in Invocations
  2062 | D:4      | Reached XP level 7. HP: 28/57 MP: 10/10
  2325 | D:4      | Reached *** piety under Nemelex Xobeh
  2458 | D:5      | Entered Level 5 of the Dungeon
  2490 | D:5      | Got an encrusted ring mail
  2512 | D:5      | Identified the cursed +0 ring mail "Dyfuro" {*Corrode rC++
                  | MP+9 Dex+2 Stlth+} (You found it on level 5 of the Dungeon)
  2751 | D:5      | Mangled by an ogre

Levels and vault maps discovered:
D:1:      dpeg_arrival_tiny_j, layout_loops_ring, roderic_lattice_a,
          grunt_decor_mini_mirrors
D:2:      layout_rooms, old_standard_altar, elyvilon_altar_1, first_ration,
          lemuel_statue_altar
D:3:      layout_rooms, tgw_trog, okawaru_gym_becter, uniq_robin, uniq_sigmund
D:4:      layout_rooms
D:5:      layout_cave_pools, cheibrodos_worm_habitat, corexii_shack

Skill      XL: |  1  2  3  4  5  6  7 |
---------------+----------------------+-----
Axes           | 4 5 6 |  6.3
Invocations    | 1 2 4 6 |  6.7
Fighting       | 4 |  4.1
Dodging        | |  3.2
Stealth        | |  1.5

Action                   |  1- 3 |  4- 6 |  7- 9 || total
-------------------------+-------+-------+-------++-------
Melee: Hand axe          |   103 |    41 |       ||   144
       Headbutt          |     8 |    13 |     5 ||    26
       Broad axe         |       |    59 |    27 ||    86
 Abil: Draw Destruction  |       |     1 |       ||     1
       Draw Escape       |       |       |     2 ||     2
  Use: Scroll            |       |       |     6 ||     6
 Stab: Sleeping          |     2 |       |       ||     2
  Eat: Chunk             |     1 |     3 |     2 ||     6
Armor: Robe              |     1 |       |       ||     1
       Scale mail        |    33 |    41 |    11 ||    85
       Ring mail         |     6 |       |       ||     6
Dodge: Dodged            |    70 |    65 |    14 ||   149
       Deflected         |       |     3 |     2 ||     5

Table legend:
 A = Non-vault XP
 B = Vault XP
 C = Vault XP percentage of total XP
 D = Non-vault monster count
 E = Vault monster count
 F = Vault count percentage of total count
                 A         B        C        D         E       F
            +---------+---------+-------+---------+---------+-------
      Total |     781 |     270 |  25.7 |      74 |      19 |  20.4
            +---------+---------+-------+---------+---------+-------
        D:1 |      29 |       0 |   0.0 |      18 |       0 |   0.0
        D:2 |      36 |       0 |   0.0 |      14 |       0 |   0.0
        D:3 |     211 |     270 |  56.1 |      27 |      19 |  41.3
        D:4 |     320 |       0 |   0.0 |      11 |       0 |   0.0
        D:5 |     185 |       0 |   0.0 |       4 |       0 |   0.0
            +---------+---------+-------+---------+---------+-------
